 Dungeon Crawl Stone Soup version 0.24-a0-475-g5b41c6f198 (webtiles) character file.

Game seed: 8000118054895315858

964 pk666 the Magician (level 7, -7/36 HPs)
             Began as a Deep Elf Wizard on July 6, 2019.
             Killed by divine providence
             ... invoked by an orc priest
              (15 damage)
             ... on level 6 of the Dungeon.
             The game lasted 00:14:11 (6832 turns).

pk666 the Magician (Deep Elf Wizard)                Turns: 6832, Time: 00:14:12

Health: -7/36      AC:  2    Str:  4    XL:     7   Next: 93%
Magic:  12/19      EV: 14    Int: 25    God:
Gold:   280        SH:  0    Dex: 13    Spells: 11/20 levels left

rFire    . . .     SeeInvis .   e - +2 dagger (holy)
rCold    . . .     Gourm    .   (no shield)
rNeg     . . .     Faith    .   a - +0 robe
rPois    .         Spirit   .   b - +0 hat
rElec    .         Reflect  .   (no cloak)
rCorr    .         Harm     .   (no gloves)
MR       .....                  (no boots)
Stlth    ++........             m - amulet of regeneration
HPRegen  0.52/turn              h - ring of wizardry
MPRegen  0.16/turn              s - ring of flight

@: no status effects
A: no striking features
a: Evoke Flight


You were on level 6 of the Dungeon.
You were not hungry.

You visited 2 branches of the dungeon, and saw 7 of its levels.

You collected 280 gold pieces.

Inventory:

Hand Weapons
 e - a +2 dagger of holy wrath (weapon)
Armour
 a - a +0 robe (worn)
 b - a +0 hat (worn)
Jewellery
 h - a ring of wizardry (left hand)
 m - an amulet of regeneration (around neck)
 s - a ring of flight (right hand)
Wands
 c - a wand of enslavement (8)
Scrolls
 i - a scroll of enchant armour {unknown}
 k - a scroll of immolation
 n - 2 scrolls of noise
 p - a scroll of enchant weapon {unknown}
 q - a scroll of teleportation {unknown}
 r - a scroll of magic mapping
 v - a scroll of blinking {unknown}
Potions
 f - 3 potions of lignification {unknown}
 g - a potion of ambrosia {unknown}
 l - 3 potions of brilliance {unknown}
 o - 4 potions of mutation {unknown}
 t - 4 potions of curing {unknown}
 u - a potion of degeneration {unknown}
Comestibles
 d - 8 rations
 j - a chunk of flesh


   Skills:
 + Level 4.0 Dodging
 - Level 2.4 Stealth
 + Level 7.1 Spellcasting
 + Level 4.8 Conjurations
   Level 1.1 Summonings
 - Level 3.0 Translocations
 + Level 3.9 Fire Magic
 - Level 2.1 Air Magic
 - Level 3.0 Poison Magic


You had 11 spell levels left.
You knew the following spells:

 Your Spells              Type           Power        Failure   Level  Hunger
a - Magic Dart            Conj           ####         1%          1    None
b - Blink                 Tloc           N/A          1%          2    None
c - Conjure Flame         Conj/Fire      ####....     1%          3    None
d - Mephitic Cloud        Conj/Pois/Air  ####....     1%          3    None

Your spell library contained the following spells:

 Spells                   Type           Power        Failure   Level  Hunger
 Animate Skeleton         Necr           N/A          2%          1    None
 Beastly Appendage        Tmut           #.....       2%          1    None
 Pain                     Necr           #...         2%          1    None
 Call Imp                 Summ           ##......     2%          2    None
 Slow                     Hex            #.......     4%          2    None
 Sticks to Snakes         Tmut           #.......     4%          2    None
 Spider Form              Tmut/Pois      ###.......   4%          3    None
 Regeneration             Chrm/Necr      #.........   9%          3    None
 Vampiric Draining        Necr           #.........   9%          3    None
 Animate Dead             Necr           N/A          26%         4    ###....
 Ice Form                 Ice/Tmut       #.......     26%         4    ###....
 Blade Hands              Tmut           #.........   56%         5    #####..


Dungeon Overview and Level Annotations

Branches:
Dungeon (6/15)             Temple (1/1) D:4

Altars:
Ashenzari
Cheibriados
Elyvilon
Fedhas
Gozag
Hepliaklqana
Kikubaaqudgha
Makhleb
Nemelex Xobeh
Okawaru
Ru
Sif Muna
Uskayaw
Xom
Yredelemnul
Zin
The Shining One
Lugonu

Annotations:
D:5 2 transporters, Stiffzip's ghost, novice NaFi


Message History

Casting: Magic Dart (safe; 1% risk of failure)
Confirm with . or Enter, or press ? or * to list all spells.
Aiming: Magic Dart (safe; 1% risk of failure)
Press: ? - help, Shift-Dir - straight line, f/p - orc warrior
Aim: an orc warrior, wielding a +0 battleaxe and wearing a +0 chain mail (heavily wounded, confused)
The magic dart hits the orc warrior but does no damage.
The orc warrior is heavily wounded.
Casting: Magic Dart (safe; 1% risk of failure)
Confirm with . or Enter, or press ? or * to list all spells.
Aiming: Magic Dart (safe; 1% risk of failure)
Press: ? - help, Shift-Dir - straight line, f/p - orc warrior
Aim: an orc warrior, wielding a +0 battleaxe and wearing a +0 chain mail (heavily wounded, confused)
The magic dart hits the orc warrior but does no damage.
The orc warrior is heavily wounded.
A jackal comes into view.
The orc warrior hits you with a +0 battleaxe!
* * * LOW HITPOINT WARNING * * *
The orc priest invokes the aid of Beogh against you.
Beogh smites you!
You die...

#.......
##..h°.###
#...°o...
#.......
#....o.#
#......#
#.....#####
#.##..#...#
.#...@...#
#........##
#.#....##.#
####...#..###
.##..#.)...#
.........###
##.....#..###
###.###....#
#########...##


You could see an orc warrior (confused), an orc priest and a jackal.

Vanquished Creatures
  2 ogres
  A centaur (D:4)
  2 scorpions
  A crimson imp (D:5)
  A quasit (D:5)
  A jelly (D:5)
  A hound (D:6)
  3 orc wizards
  A bullfrog skeleton (D:5)
  2 orc priests
  Jessica (D:3)
  2 worker ants (D:4)
  A hound zombie (D:5)
  Robin (D:2)
  A gnoll (D:2)
  7 adders
  2 oozes (D:2)
  3 worms (D:4)
  2 dart slugs
  2 leopard geckos
  16 orcs
  A ball python (D:2)
  4 giant cockroaches
  23 goblins
  10 hobgoblins
  9 jackals
  A quokka (D:3)
  10 bats
  5 frilled lizards
  A jackal skeleton (D:4)
  7 kobolds
  17 rats
141 creatures vanquished.

Notes
Turn   | Place    | Note
-------+----------+-------------------------------------------
     0 | D:1      | pk666 the Deep Elf Wizard began the quest for the Orb.
     0 | D:1      | Reached XP level 1. HP: 10/10 MP: 7/7
    94 | D:1      | Reached XP level 2. HP: 7/15 MP: 0/9
   996 | D:2      | Reached XP level 3. HP: 19/19 MP: 7/11
  1002 | D:2      | Reached skill level 5 in Spellcasting
  1220 | D:2      | Learned a level 2 spell: Blink
  1224 | D:2      | Learned a level 3 spell: Conjure Flame
  1228 | D:2      | Learned a level 3 spell: Mephitic Cloud
  1462 | D:2      | Reached XP level 4. HP: 24/24 MP: 10/13
  1700 | D:2      | Noticed Robin
  1913 | D:2      | Killed Robin
  1932 | D:2      | Reached skill level 1 in Poison Magic
  2131 | D:2      | Reached skill level 1 in Fire Magic
  2244 | D:2      | Reached skill level 1 in Air Magic
  2690 | D:2      | Reached XP level 5. HP: 28/28 MP: 4/14
  2816 | D:2      | Found an iron altar of Okawaru.
  3319 | D:3      | Found an opulent altar of Gozag.
  3602 | D:3      | Noticed Jessica
  3607 | D:3      | Killed Jessica
  3872 | D:4      | Found a staircase to the Ecumenical Temple.
  3977 | D:4      | Reached XP level 6. HP: 30/32 MP: 2/16
  4319 | D:3      | Reached skill level 6 in Spellcasting
  4437 | D:4      | Reached XP level 7. HP: 29/36 MP: 4/18
  4590 | Temple   | Entered the Ecumenical Temple
  4759 | D:4      | Got a pitted cloak
  4765 | D:4      | Identified the -4 cloak "Ecet" {rPois} (You found it on
                  | level 4 of the Dungeon)
  4834 | D:4      | Found a hide-covered altar of Uskayaw.
  4946 | D:4      | Found a white marble altar of Elyvilon.
  4947 | D:4      | Found a hazy altar of Hepliaklqana.
  4947 | D:4      | Found a sacrificial altar of Ru.
  5045 | D:4      | Found a deep blue altar of Sif Muna.
  5235 | D:5      | Entered Level 5 of the Dungeon
  5542 | D:5      | Found a blossoming altar of Fedhas.
  5699 | D:5      | Found a transporter.
  5743 | D:5      | Noticed Stiffzip's ghost (novice NaFi)
  5746 | D:5      | Found a transporter.
  5935 | D:5      | Found a sparkling altar of Nemelex Xobeh.
  6623 | D:6      | Reached skill level 7 in Spellcasting
  6832 | D:6      | Killed from afar by an orc priest

Levels and vault maps discovered:
D:1:      elethiomel_arrival_shortcut, layout_basic, st_stairs_10
D:2:      minmay_inner_zag, layout_basic, okawaru_altar_gauntlet_db,
          serial_rivers, chequers_serial_rivers_small_a,
          chequers_serial_rivers_room_b, chequers_serial_rivers_large_b,
          chequers_serial_rivers_micro_e, first_ration, uniq_robin
D:3:      layout_loops_cross, nicolae_gozag_cash_rules_everything_around_me,
          uniq_jessica
D:4:      layout_cave_pools, marbit_many_paths,
          chequers_temple_overflow_statue_of_worship,
          minmay_temple_entry_stoned_glass, serial_rivers,
          chequers_serial_rivers_room_b, chequers_serial_rivers_micro_a,
          chequers_serial_rivers_room_a, chequers_serial_rivers_micro_d,
          minmay_misc_feat_ornament, led_sif_pool
D:5:      layout_cave_pods, gammafunk_ghost_arena, basic_altar,
          nemelex_lonely_heart_becter
D:6:      minmay_recursive_quarters, layout_cave_pools, kennysheep_mini_moat
Temple:   corrupted_temple

Skill      XL: |  1  2  3  4  5  6  7 |
---------------+----------------------+-----
Dodging        | 3 4 |  4.0
Conjurations   | 2 3 4 |  4.8
Spellcasting   | 5 6 7 |  7.1
Poison Magic   | 1 2 3 |  3.0
Fire Magic     | 1 2 3 |  3.9
Air Magic      | 1 2 |  2.1
Translocations | 2 3 |  3.0
Stealth        | |  2.4
Summonings     | |  1.1

Action                   |  1- 3 |  4- 6 |  7- 9 || total
-------------------------+-------+-------+-------++-------
Melee: Dagger            |    25 |     8 |     8 ||    41
 Cast: Magic Dart        |    87 |   162 |   116 ||   365
       Mephitic Cloud    |       |     8 |     8 ||    16
       Conjure Flame     |       |     6 |     2 ||     8
       Blink             |       |     1 |       ||     1
  Use: Scroll            |       |       |     5 ||     5
  Eat: Chunk             |     2 |     9 |     7 ||    18
Armor: Robe              |    11 |     3 |     1 ||    15
Dodge: Dodged            |    30 |    44 |    10 ||    84

Table legend:
 A = Non-vault XP
 B = Vault XP
 C = Vault XP percentage of total XP
 D = Non-vault monster count
 E = Vault monster count
 F = Vault count percentage of total count
                 A         B        C        D         E       F
            +---------+---------+-------+---------+---------+-------
      Total |    1268 |     110 |   8.0 |     113 |      28 |  19.9
            +---------+---------+-------+---------+---------+-------
        D:1 |      33 |       3 |   8.3 |      22 |       2 |   8.3
        D:2 |     115 |      65 |  36.1 |      33 |      24 |  42.1
        D:3 |     177 |      37 |  17.3 |      19 |       1 |   5.0
        D:4 |     390 |       5 |   1.3 |      18 |       1 |   5.3
        D:5 |     316 |       0 |   0.0 |      17 |       0 |   0.0
        D:6 |     237 |       0 |   0.0 |       4 |       0 |   0.0
            +---------+---------+-------+---------+---------+-------
